 Dungeon Crawl Stone Soup version 0.31.0-11-ge490571c62 (webtiles) character file.

Game seed: 14668148513395935478

502 Gadfly the Insei (level 6, -3/48 HPs)
             Began as a Demonspawn Monk on Jan 29, 2024.
             Slain by an iguana (4 damage)
             ... on level 5 of the Dungeon.
             The game lasted 00:05:33 (3972 turns).

Gadfly the Insei (Demonspawn Monk)                  Turns: 3972, Time: 00:05:34

Health: -3/48      AC: 12    Str: 13    XL:     6   Next: 95%
Magic:  0/6        EV: 13    Int: 11    God:
Gold:   126        SH:  0    Dex: 15    Spells: 5/5 levels left

rFire   . . .        b - +4 flail (protect)
rCold   + . .        c - orb {light}
rNeg    . . .        a - +1 robe
rPois   .            (helmet restricted)
rElec   .            (no cloak)
rCorr   .            (no gloves)
SInv    .            (no boots)
Will    +....        n - amulet of guardian spirit
Stlth   +            m - ring of willpower
HPRegen 0.28/turn    e - ring of protection from cold
MPRegen 0.10/turn

%: guardian spirit
@: under a protective aura, glowing
A: horns 1, demonic guardian 1, sharp scales 2
a: no special abilities


You were on level 5 of the Dungeon.
You visited 2 branches of the dungeon, and saw 6 of its levels.

You collected 165 gold pieces.
You spent 39 gold pieces at shops.

Inventory:

Hand Weapons
 b - a +4 flail of protection (weapon)
Armour
 a - a +1 robe (worn)
 c - an orb of light (worn)
Jewellery
 e - a ring of protection from cold (right hand)
 i - a ring of ice
 l - a ring of flight
 m - a ring of willpower (left hand)
 n - an amulet of guardian spirit (around neck)
Wands
 r - a wand of flame (29) (quivered)
Scrolls
 j - 2 scrolls of enchant armour
 k - a scroll of fog
 o - a scroll of teleportation
 p - a scroll of identify
 q - a scroll of summoning
Potions
 d - a potion of heal wounds
 f - 3 potions of curing
 g - 3 potions of ambrosia
 h - a potion of enlightenment
 s - a potion of lignification
 t - a potion of berserk rage {unknown}
 u - a potion of haste {unknown}


   Skills:
 + Level 3.9 Fighting
 + Level 3.5 Dodging
 * Level 4.2 Unarmed Combat
 * Level 3.4 Evocations
 * Level 2.8 Shapeshifting


You had 5 spell levels left.
You didn't know any spells.
Your spell library contained the following spells:

 Spells                   Type           Power      Damage    Failure   Level
 Cigotuvi's Dreadful Rot  Necr/Alch/Air  0%         N/A       47%         2
 Dispel Undead            Necr           0%         3d6       98%         4
 Martyr's Knell           Necr/Summ      0%         N/A       98%         4
 Death Channel            Necr           0%         N/A       100%        6


Dungeon Overview and Level Annotations

Branches:
Dungeon (5/15)             Temple (1/1) D:4

Altars:
Dithmenos
Fedhas
Gozag
Hepliaklqana
Kikubaaqudgha
Makhleb
Okawaru
Qazlal
Sif Muna
Trog
Uskayaw
Vehumet
Wu Jian
Yredelemnul

Shops:
D:4 [*?


Innate Abilities, Weirdness & Mutations

You have a pair of small horns on your head.
A weak demonic guardian rushes to your aid.
You are mostly covered in razor-sharp scales. (AC +2, Slay +2)


Message History

The black bear claws you but does no damage.
The black bear completely misses you.
You hit the black bear. Your headbutt misses the black bear.
The black bear is moderately wounded.
You feel sick.
You are no longer poisoned.
The black bear bites you but does no damage.
The black bear claws you. The black bear closely misses you.
You sock the black bear! You headbutt the black bear.
The black bear is severely wounded.
The black bear barely misses you. The black bear misses you.
The black bear claws you but does no damage.
The black bear bites you but does no damage.
The black bear claws you. The black bear misses you.
You barely miss the black bear.
The black bear is severely wounded.
The black bear goes berserk!
You sock the black bear! Your headbutt misses the black bear.
The black bear is almost dead.
The black bear bites you.
* * * LOW HITPOINT WARNING * * *
The black bear claws you.
* * * LOW HITPOINT WARNING * * *
A demonic guardian appears!
The black bear closely misses you. The black bear bites you.
* * * LOW HITPOINT WARNING * * *
The black bear claws you but does no damage. x2
You sock the black bear!
You kill the black bear!
The iguana closely misses you.
Okay, then.
You hit the iguana but do no damage. You headbutt the iguana.
The iguana is lightly wounded.
The iguana hisses menacingly.
The iguana bites you.
* * * LOW HITPOINT WARNING * * *
You hit the iguana.
The iguana is moderately wounded.
The iguana bites you.
You die...

######### ##...#...##
###.........#
######............ .
..........<.......
....######.......>....
......5@..............
.....###l.......#...#.
... #..#.....####.#
...l.hw.##.....# .#
.>.<..####.....# .
...... ####### .....
....# ....


You could see an iguana (ally target) and a friendly ufetubus (summoned).

Vanquished Creatures
  A human (D:3)
  A black bear (D:5)
  2 scorpions
  A bombardier beetle (D:5)
  A human zombie (D:3)
  2 hounds (D:5)
  Terence (D:2)
  Natasha (thrice) (D:4)
  An adder (D:2)
  3 dart slugs
  2 ribbon worms
  2 orcs
  6 bats
  4 endoplasms
  6 giant cockroaches
  3 goblins
  6 hobgoblins
  4 kobolds
  2 quokkas
  2 ball pythons
  6 frilled lizards
  A jackal zombie (D:3)
  3 rats (D:3)
63 creatures vanquished.

Notes
Turn   | Place    | Note
-------+----------+-------------------------------------------
     0 | D:1      | Gadfly the Demonspawn Monk began the quest for the Orb.
     0 | D:1      | Reached XP level 1. HP: 18/18 MP: 1/1
   206 | D:1      | Gained mutation: You are partially covered in razor-sharp
                  | scales. (AC +1, Slay +1) [demonic ancestry]
   206 | D:1      | Reached XP level 2. HP: 24/24 MP: 2/2
   844 | D:2      | Reached skill level 1 in Evocations
   845 | D:2      | Reached skill level 3 in Unarmed Combat
   894 | D:2      | Noticed Terence
   914 | D:2      | Killed Terence
   915 | D:2      | Reached skill level 1 in Shapeshifting
   915 | D:2      | Gained mutation: A weak demonic guardian rushes to your
                  | aid. [demonic ancestry]
   915 | D:2      | Reached XP level 3. HP: 11/29 MP: 3/3
  1169 | D:2      | You fall into a shaft and drop 1 floor!
  1885 | D:3      | Gained mutation: You have a pair of small horns on your
                  | head. [demonic ancestry]
  1885 | D:3      | Reached XP level 4. HP: 35/35 MP: 4/4
  1968 | D:3      | Found a runed translucent door.
  1969 | D:3      | Noticed a human
  1973 | D:3      | Found a basalt altar of Yredelemnul.
  2004 | D:3      | Killed a human
  2366 | D:3      | Found an iron altar of Okawaru.
  2750 | D:4      | Found Kutor's Antique Armour Emporium.
  2758 | D:4      | Found a staircase to the Ecumenical Temple.
  2768 | Temple   | Entered the Ecumenical Temple
  2979 | D:4      | Found Reexzentu's Magic Scroll Shoppe.
  3036 | D:4      | Noticed Natasha
  3041 | D:4      | Killed Natasha
  3042 | D:4      | Gained mutation: You are mostly covered in razor-sharp
                  | scales. (AC +2, Slay +2) [demonic ancestry]
  3042 | D:4      | Reached XP level 5. HP: 34/41 MP: 3/5
  3212 | D:4      | Found Tuguloow's General Store.
  3218 | D:4      | Bought a potion of curing for 39 gold pieces
  3222 | D:4      | Noticed Natasha
  3227 | D:4      | Killed Natasha
  3566 | D:4      | Noticed Natasha
  3573 | D:4      | Killed Natasha
  3657 | D:5      | Entered Level 5 of the Dungeon
  3664 | D:5      | Reached XP level 6. HP: 46/47 MP: 6/6
  3690 | D:5      | Noticed an orc warrior
  3963 | D:5      | Reached skill level 4 in Unarmed Combat
  3971 | D:5      | HP: 1/48 [iguana (5)]
  3972 | D:5      | Slain by an iguana

Illustrated notes

Levels and vault maps discovered:
D:1:      eino_arrival_water_cross, layout_basic
D:2:      layout_basic, uniq_terence
D:3:      layout_loops_ring, dk_yredelemnul_ordeal, okawaru_metal_pillars_1_2,
          chequers_mini_garden, minmay_strange_pillars, due_unseen_surprise
D:4:      layout_gridville, minmay_temple_entry_grid, serial_shops, shop, shop,
          kennysheep_little_box, dk_noncrumbling_4, uniq_natasha
D:5:      layout_rooms
Temple:   eino_temple_water

Skill      XL: |  1  2  3  4  5  6 |
---------------+-------------------+-----
Evocations     | 1 2 3 |  3.4
Unarmed Combat | 3 4 |  4.2
Shapeshifting  | 1 2 |  2.8
Dodging        | 3 |  3.5
Fighting       | |  3.9

Action                     |  1- 3 |  4- 6 || total
---------------------------+-------+-------++-------
  Melee: Unarmed           |    73 |       ||    73
         Flail             |    23 |    94 ||   117
         Headbutt          |       |    22 ||    22
    Use: Scroll            |     5 |     6 ||    11
         Potion            |     3 |       ||     3
 Armour: Robe              |    47 |    74 ||   121
         Skin              |    10 |       ||    10
  Dodge: Dodged            |    54 |    73 ||   127
